[Event "fics rated crazyhouse match"]
[Site "fics, Oklahoma City, OK USA"]
[Date "2000.03.06"]
[White "LordPixel"]
[WhiteElo "2428"]
[Black "Eyefor"]
[BlackElo "2415"]
[TimeControl "0+1"]
[Result "1-0"]

1. e4 e6 2. d4 Nf6 3. e5 Nd5 4. Nf3 Nc6 5. Be2 d6 6. exd6 
cxd6 7. O-O Be7 8. c4 Ndb4 9. Nc3 P@c2 10. Qd2 Bf6 11. a3 Na6 
12. P@d5 exd5 13. cxd5 Nxd4 14. Nxd4 Bxd4 15. Qxd4 P@d3 16. B@b5+ Bd7 17. Qxd3 
N@b3 18. Bxa6 bxa6 19. N@b7 Qb6 20. P@c6 Nxa1 21. Nxd6+ Kf8 22. Nxf7 B@g6 
23. Qxa6 Qxa6 24. Bxa6 Bxc6 25. Nxh8 P@b7 26. Q@d6+ P@e7 27. Nxg6+ hxg6 28. R@h8+ 
N@g8 29. N@h7+ Kf7 30. P@e6+ Ke8 31. P@f7# 
{Eyefor checkmated} 1-0

[Event "fics rated crazyhouse match"]
[Site "fics, Oklahoma City, OK USA"]
[Date "2000.03.06"]
[White "LordPixel"]
[WhiteElo "2443"]
[Black "Eyefor"]
[BlackElo "2400"]
[TimeControl "0+1"]
[Result "0-1"]

1. e4 e6 2. d4 d6 3. Nf3 Nf6 4. Bd3 Nc6 5. c3 d5 6. e5 
Ne4 7. O-O Be7 8. Qe2 f5 9. exf6 Nxf6 10. P@f7+ Kxf7 11. Ng5+ Kg8 
12. Nxe6 Bxe6 13. Qxe6+ P@f7 14. Qe2 P@e4 15. Bb5 N@f5 16. Bxc6 bxc6 17. P@b7 
Rb8 18. Qa6 Nd6 19. Qxc6 B@d7 20. Qc5 Rxb7 21. P@h6 gxh6 22. Bxh6 Nc4 
23. N@a5 Bxc5 24. Nxb7 Qe8 25. R@g7+ Kf8 26. Nxc5 Nxb2 27. B@a3 P@d6 28. Nxd7+ 
Nxd7 29. Rg5+ Ke7 30. Bxb2 N@e2+ 31. Kh1 Q@b7 32. N@f5+ Kd8 33. P@e7+ Kc8 
34. B@a3 P@g6 35. B@g4 P@f3 36. Ne3 fxg2+ 37. Nxg2 P@f3 38. Ne3 Qxe7 39. Bxd7+ 
Qxd7 40. Nxd5 P@g2+ 41. Rxg2 fxg2+ 42. Kxg2 B@f3# 
{LordPixel checkmated} 0-1

[Event "fics rated crazyhouse match"]
[Site "fics, Oklahoma City, OK USA"]
[Date "2000.03.06"]
[White "Eyefor"]
[WhiteElo "2409"]
[Black "LordPixel"]
[BlackElo "2434"]
[TimeControl "0+1"]
[Result "0-1"]

1. e4 Nf6 2. Nc3 d5 3. exd5 Nxd5 4. d4 e6 5. Nxd5 exd5 6. Nf3 
Nc6 7. Be2 P@h3 8. N@f4 hxg2 9. Nxg2 Bb4+ 10. Bd2 N@e4 11. Bxb4 Nxb4 
12. B@a4+ P@c6 13. P@d3 Nxf2 14. Kxf2 P@e4 15. dxe4 dxe4 16. P@e7 Qxe7 17. P@f6 
Qxf6 18. N@h5 Qh6 19. Ne5 P@h3 20. Nxf7 Kxf7 21. P@c3 hxg2 22. cxb4 N@h3+ 
23. Kxg2 N@e3+ 24. Kg3 B@f2# 
{Eyefor checkmated} 0-1

[Event "fics rated crazyhouse match"]
[Site "fics, Oklahoma City, OK USA"]
[Date "2000.03.06"]
[White "Eyefor"]
[WhiteElo "2411"]
[Black "LordPixel"]
[BlackElo "2432"]
[TimeControl "0+1"]
[Result "1-0"]

1. d4 e6 2. Nc3 d6 3. e4 Nf6 4. Nf3 Nc6 5. Bb5 Ng4 6. Ng5 
e5 7. Bc4 Nh6 8. dxe5 Nxe5 9. Bb5+ P@c6 10. P@f4 Neg4 11. Be2 Nxf2 
12. Kxf2 P@f6 13. Nf3 Bg4 14. Ke1 Bxf3 15. Bxf3 N@b5 16. Nxb5 cxb5 17. N@d4 
a6 18. B@d5 Ra7 19. N@f5 Nxf5 20. Nxf5 N@c4 21. Bxf7+ Kxf7 22. Bh5+ g6 
23. Qd5+ B@e6 24. N@h6+ Bxh6 25. Nxh6+ Ke7 26. Qd4 gxh5 27. Qxa7 N@b4 28. B@b3 
N@d3+ 29. cxd3 Nxd3+ 30. Kf1 P@h3 31. R@g7+ Ke8 32. P@f7+ Bxf7 33. Nxf7 hxg2+ 
34. Rxg2 Kxf7 35. P@e6+ Kxe6 36. Bxc4+ bxc4 37. Qxb7 Kd7 38. N@b6+ Ke8 39. N@g7+ 
Kf7 40. Qd5+ Kf8 41. Ne6+ Ke8 42. P@f7+ Ke7 43. Nxd8 Kxd8 44. Q@d7# 
{LordPixel checkmated} 1-0

[Event "fics rated crazyhouse match"]
[Site "fics, Oklahoma City, OK USA"]
[Date "2000.03.06"]
[White "LordPixel"]
[WhiteElo "2424"]
[Black "Eyefor"]
[BlackElo "2419"]
[TimeControl "0+1"]
[Result "1-0"]

1. e4 e6 2. d4 d6 3. Nf3 Nf6 4. Bd3 Be7 5. Nc3 Nc6 6. Bb5 
Ng4 7. Bxc6+ bxc6 8. N@e3 Nxf2 9. Kxf2 P@f4 10. Nc4 B@b5 11. Na3 Bg5 
12. Naxb5 cxb5 13. B@c6+ Bd7 14. N@b7 Bxc6 15. Nxd8 N@g4+ 16. Kf1 Bxd8 17. Bxf4 
N@e3+ 18. Bxe3 Nxe3+ 19. Kg1 Nxd1 20. Rxd1 b4 21. Q@c4 Q@b7 22. N@a5 bxc3 
23. Nxb7 Bxb7 24. N@h5 B@e3+ 25. P@f2 Bxf2+ 26. Kxf2 N@g4+ 27. Ke2 Rg8 28. B@c6+ 
Bxc6 29. Qxc6+ N@d7 30. bxc3 P@h3 31. gxh3 B@g2 32. Qxa8 B@c4+ 33. Kd2 Bxf3 
34. hxg4 N@f2 35. R@e7+ Kxe7 36. N@c6+ Kf8 37. Q@e7# 
{Eyefor checkmated} 1-0

[Event "fics rated crazyhouse match"]
[Site "fics, Oklahoma City, OK USA"]
[Date "2000.03.06"]
[White "Eyefor"]
[WhiteElo "2411"]
[Black "LordPixel"]
[BlackElo "2432"]
[TimeControl "0+1"]
[Result "0-1"]

1. e4 Nf6 2. Nc3 d5 3. exd5 Nxd5 4. d4 e6 5. Nxd5 exd5 6. Nf3 
Nc6 7. Be2 P@h3 8. N@f4 hxg2 9. Nxg2 Bb4+ 10. Bd2 N@e4 11. Bxb4 Nxb4 
12. B@a4+ P@c6 13. P@d3 Nxf2 14. Kxf2 P@e4 15. dxe4 dxe4 16. P@e7 Qxe7 17. P@f6 
gxf6 18. Kg1 exf3 19. N@g7+ Kf8 20. Bxf3 N@h3+ 21. Kf1 Kxg7 22. P@e4 N@f2 
23. Qe2 Nxh1 24. Ke1 R@g1+ 25. Kd2 B@g5+ 26. Kc3 Rxa1 27. e5 Nxa2+ 28. Kc4 
Qb4+ 29. Kd3 Nc1+ 30. Ke4 P@d5# 
{Eyefor checkmated} 0-1

[Event "fics rated crazyhouse match"]
[Site "fics, Oklahoma City, OK USA"]
[Date "2000.03.06"]
[White "LordPixel"]
[WhiteElo "2440"]
[Black "Eyefor"]
[BlackElo "2403"]
[TimeControl "0+1"]
[Result "1-0"]

1. e4 Nf6 2. Nc3 d5 3. exd5 Nxd5 4. Nf3 e6 5. d4 Nxc3 6. bxc3 
N@e4 7. P@b2 Nxf2 8. Kxf2 P@e4 9. Bb5+ P@c6 10. Bg5 f6 11. Ne5 fxg5 
12. Bxc6+ Nxc6 13. Qh5+ B@g6 14. P@f7+ Ke7 15. Qxg5+ B@f6 16. Qxf6+ gxf6 17. B@c5+ 
Q@d6 18. Bxd6+ cxd6 19. N@g8+ Rxg8 20. Nxc6+ bxc6 21. fxg8=Q e3+ 22. Ke2 N@f4+ 
23. Kxe3 B@f7 24. Qh8 N@c4+ 25. Kf2 Bxc2 26. R@h4 P@g5 27. Rxf4 gxf4 28. N@g4 
R@g6 29. Qxh7 Nxb2 30. N@h8 Nd3+ 31. Kg1 P@f2+ 32. Nxf2 Rxg2+ 33. Kxg2 Ne1+ 
34. Raxe1 P@f3+ 35. Kxf3 Bxh7 36. N@d5+ cxd5 37. N@c6+ Ke8 38. Nxd8 N@g5+ 39. Kg2 
f3+ 40. Kg1 Kxd8 41. P@c7+ Kxc7 42. R@c6+ Kxc6 43. P@b5+ Kd7 44. Q@c6+ Ke7 
45. Qxd6+ Kxd6 46. Q@d8+ P@d7 47. P@c5# 
{Eyefor checkmated} 1-0

[Event "fics rated crazyhouse match"]
[Site "fics, Oklahoma City, OK USA"]
[Date "2000.03.06"]
[White "Eyefor"]
[WhiteElo "2396"]
[Black "LordPixel"]
[BlackElo "2447"]
[TimeControl "0+1"]
[Result "0-1"]

1. e4 e6 2. d4 d5 3. exd5 exd5 4. Bb5+ c6 5. Qe2+ Be6 6. Bf4 
cxb5 7. Bxb8 Rxb8 8. Qxb5+ B@d7 9. Qe2 B@a5+ 10. N@c3 Qb6 11. Qe5 P@d6 
12. P@c7 Qxc7 13. Qe3 P@b4 14. P@d2 bxc3 15. Nxc3 Bxc3 16. dxc3 N@c4 17. Qc1 
N@a4 18. P@b3 Ncxb2 19. B@b4 P@a5 20. bxa4 Nxa4 21. Bxa5 Qxa5 22. P@b2 Nxc3 
23. N@b3 Qc7 24. bxc3 Qxc3+ 25. Qd2 Qxd2+ 26. Nxd2 Q@c3 27. Rc1 P@b2 28. Rb1 
P@e3 29. fxe3 P@f2+ 30. Kxf2 Qxd2+ 31. Kf1 B@b5+ 32. N@e2 N@c3 33. Q@e1 Nxb1 
34. P@c7 Qxe1+ 35. Kxe1 R@d1+ 36. Kf2 Q@e1+ 37. Kf3 Nd2+ 38. Kf4 Qh4+ 39. g4 
Qxg4# 
{Eyefor checkmated} 0-1

[Event "fics rated crazyhouse match"]
[Site "fics, Oklahoma City, OK USA"]
[Date "2000.03.06"]
[White "LordPixel"]
[WhiteElo "2454"]
[Black "Eyefor"]
[BlackElo "2389"]
[TimeControl "0+1"]
[Result "0-1"]

1. e4 Nf6 2. Nc3 d5 3. exd5 Nxd5 4. Nf3 e6 5. d4 Nxc3 6. bxc3 
N@e4 7. P@b2 Nxf2 8. Kxf2 P@e4 9. Bb5+ P@c6 10. Bg5 f6 11. Ne5 fxg5 
12. Bxc6+ Nxc6 13. Qh5+ B@g6 14. P@f7+ Ke7 15. Qxg5+ B@f6 16. Qxf6+ gxf6 17. B@c5+ 
Q@d6 18. Bxd6+ cxd6 19. N@g8+ Rxg8 20. Nxc6+ bxc6 21. fxg8=Q e3+ 22. Ke2 N@f4+ 
23. Kxe3 B@f7 24. Qh8 N@c4+ 25. Kf2 Bxc2 26. R@h4 P@g5 27. Rxf4 gxf4 28. N@g4 
R@g6 29. Qxh7 Nxb2 30. N@h8 Nd3+ 31. Kg1 P@f2+ 32. Nxf2 Rxg2+ 33. Kxg2 Ne1+ 
34. Raxe1 P@f3+ 35. Kg1 Bxh7 36. P@c2 Bxc2 
{LordPixel forfeits on time} 0-1

[Event "fics rated crazyhouse match"]
[Site "fics, Oklahoma City, OK USA"]
[Date "2000.03.06"]
[White "Eyefor"]
[WhiteElo "2398"]
[Black "LordPixel"]
[BlackElo "2445"]
[TimeControl "0+1"]
[Result "0-1"]

1. d4 e6 2. Nc3 d6 3. e4 Nf6 4. Bb5+ Bd7 5. Bg5 Be7 6. Bxf6 
Bxf6 7. Bxd7+ Nxd7 8. B@h5 g6 9. Be2 B@b4 10. N@h6 Bg5 11. Nxf7 B@d2+ 
12. Kf1 Kxf7 13. P@h4 Bdxc3 14. bxc3 N@b2 15. hxg5 Nxd1 16. Rxd1 Bxc3 17. N@b5 
Q@e1+ 18. Rxe1 N@d2# 
{Eyefor checkmated} 0-1

[Event "fics rated crazyhouse match"]
[Site "fics, Oklahoma City, OK USA"]
[Date "2000.03.06"]
[White "LordPixel"]
[WhiteElo "2452"]
[Black "Eyefor"]
[BlackElo "2391"]
[TimeControl "0+1"]
[Result "1-0"]

1. d4 e6 2. Nc3 d6 3. e4 Nf6 4. Bb5+ Bd7 5. Bg5 Nc6 6. Bxf6 
Qxf6 7. Bxc6 Bxc6 8. N@h5 Qh4 9. d5 B@g4 10. Qxg4 B@d2+ 11. Kxd2 Qxf2+ 
12. Kc1 P@d2+ 13. Kb1 Qe1+ 14. B@d1 exd5 15. Nxd5 Bxd5 16. P@d7+ Kd8 17. B@h4+ 
N@e7 18. Bxe1 Bxa2+ 19. Rxa2 c6 20. B@b6+ axb6 21. Rxa8+ B@c8 22. R@e8+ Kc7 
23. d8=Q# 
{Eyefor checkmated} 1-0

[Event "fics rated crazyhouse match"]
[Site "fics, Oklahoma City, OK USA"]
[Date "2000.03.06"]
[White "LordPixel"]
[WhiteElo "2449"]
[Black "Eyefor"]
[BlackElo "2394"]
[TimeControl "0+1"]
[Result "0-1"]

1. e4 Nf6 2. Nc3 e6 3. e5 Nd5 4. d4 Bb4 5. Bd2 Nxc3 6. bxc3 
N@b2 7. Qb1 Bxc3 8. Bxc3 Na4 9. N@b5 Nxc3 10. Nxc3 Nc6 11. N@b5 P@b4 
12. B@g5 bxc3 13. Bxd8 B@d2+ 14. Ke2 Kxd8 15. Q@h4+ g5 16. Qe4 B@c4+ 17. Kd1 
Bxf1 18. Nxc3 Bxc3 19. P@g7 Re8 20. g8=Q Rxg8 21. Qxh7 N@e3+ 22. fxe3 N@f2+ 
23. Kc1 P@d2# 
{LordPixel checkmated} 0-1

[Event "fics rated crazyhouse match"]
[Site "fics, Oklahoma City, OK USA"]
[Date "2000.03.06"]
[White "Eyefor"]
[WhiteElo "2403"]
[Black "LordPixel"]
[BlackElo "2440"]
[TimeControl "0+1"]
[Result "0-1"]

1. e4 e6 2. d4 d5 3. exd5 exd5 4. Bb5+ c6 5. Qe2+ Be6 6. Bf4 
cxb5 7. Bxb8 Rxb8 8. Qxb5+ B@d7 9. Qe2 B@a5+ 10. N@c3 Qb6 11. Qe5 P@d6 
12. P@c7 Qxc7 13. Qe3 P@b4 14. P@d2 bxc3 15. Nxc3 Bxc3 16. dxc3 N@c4 17. Qc1 
N@a4 18. P@b3 Ncxb2 19. B@d2 Nxc3 20. Qxb2 P@b4 21. Bxc3 bxc3 22. Qa3 P@d2+ 
23. Kf1 B@b2 24. Qxa7 Bxa1 25. N@d3 R@c1+ 26. N@e1 dxe1=Q+ 27. Nxe1 N@d2+ 28. Ke2 
Bg4+ 29. f3 Rxc2 30. Nxc2 P@d3+ 31. Kxd3 Bgf5+ 32. Ke3 Bxc2 33. P@b6 Qd8 
34. P@c7 Qg5+ 35. Ke2 N@f4+ 36. Ke3 Nf1+ 37. Kf2 Qxg2+ 38. Ke1 P@d2# 
{Eyefor checkmated} 0-1

[Event "fics rated crazyhouse match"]
[Site "fics, Oklahoma City, OK USA"]
[Date "2000.03.06"]
[White "LordPixel"]
[WhiteElo "2447"]
[Black "Eyefor"]
[BlackElo "2396"]
[TimeControl "0+1"]
[Result "1-0"]

1. e4 Nf6 2. Nc3 e6 3. e5 Nd5 4. d4 Bb4 5. Bd2 Nxc3 6. bxc3 
N@b2 7. Qb1 Bxc3 8. Bxc3 Na4 9. N@b5 P@a6 10. B@g5 Nxc3 11. Bxd8 B@d2+ 
12. Kxd2 Nxb1+ 13. Rxb1 Kxd8 14. B@g5+ f6 15. N@f7+ Ke7 16. exf6+ gxf6 17. P@g7 
Rg8 18. Nxc7 B@a5+ 19. Kc1 Q@e1+ 20. Kb2 Bc3+ 21. Kb3 Qxb1+ 22. Kxc3 fxg5 
23. B@f8+ Rxf8 24. Q@d6+ Kf6 25. gxf8=Q Qxf1 26. Qe5+ Kg6 27. Qxg5# 
{Eyefor checkmated} 1-0

[Event "fics rated crazyhouse match"]
[Site "fics, Oklahoma City, OK USA"]
[Date "2000.03.06"]
[White "Eyefor"]
[WhiteElo "2389"]
[Black "LordPixel"]
[BlackElo "2454"]
[TimeControl "0+1"]
[Result "0-1"]

1. e4 Nf6 2. Nc3 e6 3. e5 Nd5 4. d4 Bb4 5. Bd2 Nxc3 6. bxc3 
N@b2 7. Qb1 Bxc3 8. Bxc3 Na4 9. N@b5 Nxc3 10. Nxc3 B@a5 11. B@b4 Bxb4 
12. Qxb4 Nc6 13. Qc4 P@b2 14. Rd1 B@f5 15. Qb3 f6 16. Qxb2 fxe5 17. N@h5 
Rg8 18. P@f7+ Kxf7 19. Nf3 exd4 20. Nxd4 Nxd4 21. Rxd4 Ke8 22. N@c5 e5 
23. Re4 P@d2+ 24. Kxd2 Qg5+ 25. P@f4 Qxh5 26. Rxe5+ P@e6 27. Nxb7 N@g4 28. Rxf5 
Qxf5 29. B@g3 R@d4+ 30. Kc1 P@d2+ 31. Kd1 Rxf4 32. Bd3 Nxf2+ 33. Bxf2 Qg4+ 
34. B@e2 Qxg2 35. N@d6+ cxd6 36. Nxd6+ Kf8 37. Bc5 Qxh1+ 38. Kxd2 P@e7 39. P@b7 
Bxb7 40. Qxb7 Qxb7 41. Nxb7 P@d4 42. Nb5 Q@e3+ 43. Ke1 R@f1# 
{Eyefor checkmated} 0-1

[Event "fics rated crazyhouse match"]
[Site "fics, Oklahoma City, OK USA"]
[Date "2000.03.06"]
[White "LordPixel"]
[WhiteElo "2461"]
[Black "Eyefor"]
[BlackElo "2382"]
[TimeControl "0+1"]
[Result "1-0"]

1. e4 e6 2. d4 d6 3. Nf3 Nf6 4. Nc3 Nc6 5. d5 exd5 6. exd5 
Nb4 7. Be2 Qe7 8. O-O Bg4 9. Be3 Bxf3 10. Bxf3 N@f5 11. B@a4+ P@d7 
12. Bf4 Rb8 13. Re1 Nbxd5 14. Rxe7+ Ndxe7 15. P@g5 R@d4 16. Qc1 Ng6 17. Be3 
Rxa4 18. gxf6 Ra5 19. N@d5 Rxd5 20. Nxd5 B@b6 21. Bxb6 cxb6 22. R@d8+ Kxd8 
23. Q@c7+ Ke8 24. Qxb8+ B@c8 25. Qxc8+ N@d8 26. Nc7# 
{Eyefor checkmated} 1-0

[Event "fics rated crazyhouse match"]
[Site "fics, Oklahoma City, OK USA"]
[Date "2000.03.06"]
[White "Eyefor"]
[WhiteElo "2376"]
[Black "LordPixel"]
[BlackElo "2467"]
[TimeControl "0+1"]
[Result "1-0"]

1. e4 Nf6 2. Nc3 e6 3. e5 Nd5 4. d4 Bb4 5. Bd2 Nxc3 6. bxc3 
N@b2 7. Qb1 Bxc3 8. Bxc3 Na4 9. N@b5 Nxc3 10. Nxc3 B@a5 11. B@b4 Bxb4 
12. Qxb4 Nc6 13. Qa4 B@b2 14. B@d2 Bxa1 15. N@c5 R@c1+ 16. Bxc1 Bxc3+ 17. R@d2 
Bxd2+ 18. Bxd2 R@d1+ 19. Kxd1 N@b2+ 20. Kc1 Nxa4 21. Nxa4 Q@a3+ 22. N@b2 Nxd4 
23. B@c5 P@e2 24. Bxe2 Nxe2+ 25. Nxe2 Qxa2 26. R@e7+ Qxe7 27. N@f6+ Qxf6 28. Bf4 
R@b1+ 29. Kd2 N@e4+ 30. Kd3 Qd5+ 31. P@d4 Qf5 32. Rxb1 Nxc5+ 33. Kd2 Nxa4 
34. Nxa4 N@c4+ 35. Kd1 Qxg2 36. N@e3 Nxe3+ 37. Bxe3 N@a3 38. Rb2 P@d3 39. cxd3 
Qxd3+ 40. Ke1 Qxh2 41. Nc5 B@c3+ 42. P@d2 Qxe3 43. N@f6+ gxf6 44. R@e7+ Kxe7 
45. exf6+ Ke8 46. fxe3 
{LordPixel forfeits on time} 1-0

[Event "fics rated crazyhouse match"]
[Site "fics, Oklahoma City, OK USA"]
[Date "2000.03.06"]
[White "LordPixel"]
[WhiteElo "2457"]
[Black "Eyefor"]
[BlackElo "2386"]
[TimeControl "0+1"]
[Result "1-0"]

1. e4 Nf6 2. Nc3 e6 3. e5 Nd5 4. d4 Bb4 5. Bd2 Nxc3 6. bxc3 
N@b2 7. Qb1 Bxc3 8. Bxc3 Na4 9. N@b5 Nxc3 10. Nxc3 Nc6 11. N@b5 P@b4 
12. B@g5 bxc3 13. Bxd8 B@d2+ 14. Ke2 Kxd8 15. Q@h4+ g5 16. Qg4 B@h5 17. Nxc3 
Bxg4+ 18. Kxd2 Q@f4+ 19. B@e3 Qf5 20. Bd3 N@a3 21. Qb2 Nxd4 22. Bxd4 Nxc2 
23. Bxf5 Bxf5 24. Q@f6+ P@e7 25. Qxh8+ B@e8 26. Qxe8+ Kxe8 27. R@g8# 
{Eyefor forfeits on time} 1-0

[Event "fics rated crazyhouse match"]
[Site "fics, Oklahoma City, OK USA"]
[Date "2000.03.06"]
[White "Eyefor"]
[WhiteElo "2380"]
[Black "LordPixel"]
[BlackElo "2463"]
[TimeControl "0+1"]
[Result "0-1"]

1. e4 Nf6 2. Nc3 e6 3. e5 Nd5 4. d4 Bb4 5. Bd2 Nxc3 6. bxc3 
N@b2 7. Qb1 Bxc3 8. Bxc3 Na4 9. N@b5 P@a6 10. B@g5 Nxc3 11. Bxd8 B@d2+ 
12. Kxd2 Nxb1+ 13. Rxb1 Kxd8 14. B@g5+ f6 15. N@f7+ Ke7 16. Nxc7 B@a5+ 17. P@b4 
Bxc7 18. exf6+ gxf6 19. Bxf6+ Kxf6 20. Nxh8 N@e4+ 21. Ke3 Q@d2+ 22. Kf3 Qxf2+ 
23. Kg4 Qf4+ 24. Kh5 Qg5# 
{Eyefor checkmated} 0-1

[Event "fics rated crazyhouse match"]
[Site "fics, Oklahoma City, OK USA"]
[Date "2000.03.06"]
[White "LordPixel"]
[WhiteElo "2469"]
[Black "Eyefor"]
[BlackElo "2374"]
[TimeControl "0+1"]
[Result "0-1"]

1. e4 Nf6 2. Nc3 d5 3. exd5 Nxd5 4. Nf3 e6 5. d4 Nxc3 6. bxc3 
N@e4 7. P@b2 Nxf2 8. Kxf2 P@e4 9. N@g5 exf3 10. Bb5+ N@c6 11. Qxf3 P@f6 
12. N@e5 Qd5 13. Qxd5 exd5 14. Bxc6+ Nxc6 15. Nxc6 bxc6 16. Re1+ B@e7 17. N@d6+ 
cxd6 18. N@c7+ Kd7 19. Rxe7+ Bxe7 20. Nxf7 N@g4+ 21. Kg3 Q@f2+ 22. Kxg4 R@h4# 
{LordPixel checkmated} 0-1

[Event "fics rated crazyhouse match"]
[Site "fics, Oklahoma City, OK USA"]
[Date "2000.03.06"]
[White "Eyefor"]
[WhiteElo "2384"]
[Black "LordPixel"]
[BlackElo "2459"]
[TimeControl "0+1"]
[Result "1-0"]

1. e4 e6 2. d4 d5 3. exd5 exd5 4. Bb5+ Nc6 5. Qe2+ Qe7 6. Bf4 
Qxe2+ 7. Nxe2 Bb4+ 8. Nbc3 Ba5 9. P@a6 Bxc3+ 10. Nxc3 N@b4 11. Bxc6+ bxc6 
12. Q@a4 Q@e7+ 13. N@e5 P@b5 14. Nxb5 cxb5 15. Qxb5+ B@d7 16. Qe2 Bxa6 17. B@d3 
Bxd3 18. cxd3 N@c2+ 19. Kf1 Nxa1 20. P@b7 Rb8 21. Nxd7 Qxe2+ 22. Kxe2 Q@g4+ 
23. B@f3 R@c2+ 24. P@d2 Qxf4 25. Q@f8+ Kxd7 26. B@c8+ Kc6 27. Qxb4 N@c3+ 28. Qxc3+ 
Rxc3 29. N@b4+ Kd6 30. N@b5+ Ke7 31. Nxd5+ Kf8 32. Nxf4 P@g5 33. Q@d8+ B@e8 
34. P@d7 Q@e7+ 35. Qxe7+ Nxe7 36. dxe8=Q+ Kxe8 37. B@d7+ Kd8 38. dxc3 Nxc8 39. bxc8=Q+ 
Rxc8 40. N@c6+ Kxd7 41. R@e7# 
{LordPixel checkmated} 1-0

[Event "fics rated crazyhouse match"]
[Site "fics, Oklahoma City, OK USA"]
[Date "2000.03.06"]
[White "LordPixel"]
[WhiteElo "2449"]
[Black "Eyefor"]
[BlackElo "2394"]
[TimeControl "0+1"]
[Result "0-1"]

1. e4 Nf6 2. e5 Nd5 3. d4 Nc6 4. Bc4 e6 5. Bxd5 exd5 6. N@g5 
B@a5+ 7. Kf1 Be7 8. Nxf7 Kxf7 9. Qf3+ Kg8 10. P@f7+ Kf8 11. Qxd5 N@b6 
12. Qe4 Kxf7 13. Qf4+ Ke8 14. P@f7+ Kf8 15. Nf3 Nb4 16. Ne1 P@g5 17. Qf5 
d6 18. e6 Nc4 19. Na3 Nxa3 20. bxa3 Nc6 21. N@b3 N@c4 22. d5 Bxe1 
23. Kxe1 N@h4 24. Qe4 N6e5 25. B@b5 Nb6 26. Nd4 Nbc4 27. Bxc4 Nxc4 28. N@c3 
B@g6 29. Nf5 Bxf5 30. Qxc4 Bxc2 31. N@e3 N@d3+ 32. Kd2 Nxf2 33. Kxc2 P@d3+ 
34. Kb2 P@f4 35. Ned1 Nxh1 36. Qxd3 Nxg2 37. Kb1 R@b6+ 38. P@b2 Ne1 39. Qd2 
P@c2+ 40. Qxc2 Nxc2 41. Kxc2 Q@g2+ 42. Bd2 Qxh2 43. N@f3 Qg2 44. Ne1 Qg4 
45. B@f3 Qf5+ 46. P@e4 Qh3 47. Bxh1 Qxh1 48. Kb1 P@e3 49. Bxe3 Qxe1 50. N@f3 
Rxb2+ 51. Kxb2 N@c4+ 52. Kb1 P@c2+ 53. Kxc2 Nxe3+ 54. Kc1 B@d2+ 55. Nxd2 Qxd1+ 
56. Nxd1 N@d3+ 57. Kb1 B@c2# 
{LordPixel checkmated} 0-1

[Event "fics rated crazyhouse match"]
[Site "fics, Oklahoma City, OK USA"]
[Date "2000.03.06"]
[White "Eyefor"]
[WhiteElo "2403"]
[Black "LordPixel"]
[BlackElo "2440"]
[TimeControl "0+1"]
[Result "1-0"]

1. e4 Nf6 2. Nc3 d5 3. exd5 Nxd5 4. d4 e6 5. Nxd5 exd5 6. Nf3 
Nc6 7. Be2 P@h3 8. N@f4 hxg2 9. Nxg2 P@h3 10. Nf4 N@g2+ 11. Nxg2 hxg2 
12. Rg1 N@h4 13. N@c3 Nxf3+ 14. Bxf3 N@b4 15. N@e3 Nxc2+ 16. Nxc2 P@e4 17. Bxg2 
Bf5 18. Ne3 Be6 19. P@f5 Bc8 20. Ncxd5 Bxf5 21. P@e7 Bxe7 22. Nxf5 Qxd5 
23. Nxg7+ Kd8 24. N@c3 Bb4 25. B@h4+ Kc8 26. Qg4+ P@e6 27. Qxe4 Qxe4+ 28. Bxe4 
Nxd4 29. P@d7+ Kxd7 30. Q@a4+ Q@b5 31. Qxb5+ Nxb5 32. Q@d3+ N@d4 33. Bxb7 Q@e5+ 
34. Kf1 Nd6 35. P@c6+ Nxc6 36. Bxc6+ Kxc6 37. Qa6+ P@b6 38. N@e7+ Kd7 39. P@c6+ 
Kd8 40. Ned5+ Qf6 41. Bxf6# 
{LordPixel forfeits on time} 1-0

[Event "fics rated crazyhouse match"]
[Site "fics, Oklahoma City, OK USA"]
[Date "2000.03.06"]
[White "LordPixel"]
[WhiteElo "2431"]
[Black "Eyefor"]
[BlackElo "2412"]
[TimeControl "0+1"]
[Result "0-1"]

1. e4 e6 2. d4 d5 3. exd5 exd5 4. Bb5+ c6 5. Qe2+ Qe7 6. Bf4 
cxb5 7. Qxe7+ Bxe7 8. Q@c7 Na6 9. P@d7+ Bxd7 10. Qxb7 Q@c6 11. Qxc6 Bxc6 
12. Q@g3 Nb4 13. Na3 Q@e4+ 14. Ne2 P@d3 15. P@e3 dxe2 16. Qxg7 N@d3+ 17. cxd3 
Nxd3+ 18. Kxe2 Nxf4+ 19. Kf1 Qd3+ 20. P@e2 Qxe2+ 21. Kg1 Qxb2 22. N@c7+ Kd8 
23. exf4 Qxa1+ 24. N@f1 P@e2 25. Ne6+ fxe6 26. P@c7+ Ke8 27. Nb1 exf1=Q+ 28. Kxf1 
Qxb1+ 29. Ke2 N@c3+ 30. Kf3 Qe4+ 31. Kg4 Qxg2+ 32. P@g3 B@f3# 
{LordPixel checkmated} 0-1

[Event "fics rated crazyhouse match"]
[Site "fics, Oklahoma City, OK USA"]
[Date "2000.03.06"]
[White "Eyefor"]
[WhiteElo "2420"]
[Black "LordPixel"]
[BlackElo "2423"]
[TimeControl "0+1"]
[Result "1-0"]

1. e4 Nf6 2. e5 Nd5 3. d4 Nc6 4. Nf3 e6 5. Bd2 Bb4 6. Bxb4 
Ncxb4 7. a3 Nc6 8. B@g5 B@e7 9. Bxe7 Ncxe7 10. B@h5 B@a5+ 11. Nbd2 g6 
12. Bg4 h5 13. Bh3 Bxd2+ 14. Qxd2 N@f4 15. B@f6 Nxh3 16. gxh3 Nxf6 17. N@g7+ 
Kf8 18. exf6 Nd5 19. Nxe6+ fxe6 20. P@g7+ Ke8 21. gxh8=Q+ B@f8 22. N@g7+ Kf7 
23. Ng5+ Kxf6 24. R@f7# 
{LordPixel checkmated} 1-0

[Event "fics rated crazyhouse match"]
[Site "fics, Oklahoma City, OK USA"]
[Date "2000.03.06"]
[White "LordPixel"]
[WhiteElo "2415"]
[Black "Eyefor"]
[BlackElo "2428"]
[TimeControl "0+1"]
[Result "0-1"]

1. e4 e6 2. d4 d6 3. Nc3 Nf6 4. Nf3 Be7 5. Bd3 Nc6 6. Bg5 
Ng4 7. Bxe7 Qxe7 8. h3 Nxf2 9. Kxf2 P@e5 10. dxe5 dxe5 11. P@b5 B@d4+ 
12. Ke2 Bxc3 13. bxc3 N@a4 14. B@b4 Nxb4 15. cxb4 Nc3+ 16. Kf1 Nxd1 17. Rxd1 
B@d4 18. Nxd4 exd4 19. B@f4 N@c3 20. B@c5 Nxd1 21. Ke1 R@g1+ 22. Rxg1 P@f2+ 
23. Ke2 fxg1=Q 24. R@g8+ Rxg8 25. N@f1 Q@f2+ 26. Kxd1 R@e1# 
{LordPixel checkmated} 0-1

[Event "fics rated crazyhouse match"]
[Site "fics, Oklahoma City, OK USA"]
[Date "2000.03.06"]
[White "Eyefor"]
[WhiteElo "2436"]
[Black "LordPixel"]
[BlackElo "2407"]
[TimeControl "0+1"]
[Result "0-1"]

1. e4 e6 2. d4 d6 3. Nf3 Nf6 4. Bd3 Nc6 5. c3 e5 6. d5 
Nb8 7. h3 Nbd7 8. Ng5 Nc5 9. Be3 Nxd3+ 10. Qxd3 h6 11. Nxf7 Kxf7 
12. P@e6+ Kg8 13. N@f7 Qe7 14. Nxd6 Qxd6 15. P@f7+ Kh7 16. Bxh6 N@c5 17. Qe2 
N@d3+ 18. Kd1 Nfxe4 19. Be3 Ndxf2+ 20. Bxf2 Qxd5+ 21. P@d4 Bxe6 22. N@e3 Nxf2+ 
23. Qxf2 B@h5+ 24. N@f3 B@a4+ 25. b3 Bxf3+ 26. Qxf3 N@b2+ 27. Ke1 Ncd3+ 28. Kd2 
Qxf3 29. gxf3 Q@f2+ 30. B@e2 Nf4 31. Q@e1 Qxe1+ 32. Kxe1 Q@g3+ 33. Q@f2 Nbd3+ 
34. Bxd3+ Nxd3+ 35. Kd1 Nxf2+ 36. Kc1 Nd3+ 37. Kd2 Q@b2+ 38. N@c2 exd4 39. cxd4 
Qxf3 40. Rf1 B@c1+ 41. Rxc1 Qxc1+ 42. Kxd3 P@e4+ 43. Kc3 R@d3# 
{Eyefor checkmated} 0-1

[Event "fics rated crazyhouse match"]
[Site "fics, Oklahoma City, OK USA"]
[Date "2000.03.06"]
[White "LordPixel"]
[WhiteElo "2416"]
[Black "Eyefor"]
[BlackElo "2427"]
[TimeControl "0+1"]
[Result "1-0"]

1. e4 Nf6 2. Nc3 e6 3. e5 Nd5 4. d4 Bb4 5. Bd2 Nxc3 6. bxc3 
N@b2 7. Qb1 Bxc3 8. Bxc3 Na4 9. B@b4 Nxc3 10. Bxc3 Nc6 11. N@c5 P@b6 
12. Ne4 B@f4 13. N@d6+ cxd6 14. Nxd6+ Kf8 15. P@b5 N@a3 16. Qb2 Nxc2+ 17. Qxc2 
P@d2+ 18. Kd1 Nxd4 19. Bxd4 P@c7 20. Nxc8 Rxc8 21. B@b4+ d6 22. N@d3 N@d5 
23. Nxf4 Nxf4 24. Qxd2 N@d5 25. Ne2 Nxe2 26. Bxe2 N@e4 27. exd6 cxd6 28. Bxg7+ 
Ke8 29. Bxh8 Nxf2+ 30. Ke1 Nxh1 31. R@g8+ R@f8 32. Rxf8+ Kxf8 33. P@g7+ Ke7 
34. P@f6+ Nxf6 35. B@f8+ Ke8 36. P@d7+ Qxd7 37. R@e7+ Qxe7 38. Bxe7 P@f2+ 39. Kd1 
R@e1+ 40. Qxe1 P@c2+ 41. Kd2 Ne4+ 42. Ke3 fxe1=Q 43. Q@f8+ Kd7 44. R@d8+ Kc7 
45. Rxc8+ Kd7 46. R@c7# 
{Eyefor checkmated} 1-0